 Dungeon Crawl Stone Soup version 0.23-a0-643-g9ccc95a (webtiles) character file.

4295 Borgoz the Fighter (level 10, 0/91 HPs)
             Began as a Ghoul Abyssal Knight on Jan 1, 2019.
             Was an Elder of Lugonu.
             Slain by a yak (7 damage)
             ... on level 9 of the Dungeon.
             The game lasted 00:15:26 (8755 turns).

Borgoz the Fighter (Ghoul Abyssal Knight)           Turns: 8755, Time: 00:15:27

Health: 0/91       AC:  8    Str: 17    XL:     10   Next: 32%
Magic:  13/13      EV: 13    Int: 11    God:    Lugonu [****..]
Gold:   495        SH:  0    Dex: 11    Spells: 9/9 levels left

rFire    + . .     SeeInvis .     - Unarmed
rCold    + . .     Gourm    .   (no shield)
rNeg     + + +     Faith    .   s - +2 ring mail {MR+}
rPois    ∞         Spirit   .   (no helmet)
rElec    .         Reflect  .   (no cloak)
rCorr    .         Harm     .   (no gloves)
MR       +....                  (no boots)
Stlth    +.........             f - amulet of the acrobat
HPRegen  0.00/turn              c - ring of protection from fire
MPRegen  0.13/turn              k - +4 ring of intelligence

@: rotting
A: rotting body, claws 1, carnivore, cold resistance 1, negative energy
resistance 3, inhibited regeneration, torment resistance, unbreathing
a: Depart the Abyss, Bend Space, Banish, Corrupt, Renounce Religion


You were on level 9 of the Dungeon.
You worshipped Lugonu.
Lugonu was greatly pleased with you.
You were not hungry.

You visited 2 branches of the dungeon, and saw 11 of its levels.
You visited the Abyss 1 time.

You collected 495 gold pieces.

Inventory:

Missiles
 i - 2 throwing nets (quivered)
Armour
 s - a +2 ring mail of magic resistance (worn)
Jewellery
 c - a ring of protection from fire (left claw)
 d - an uncursed amulet of regeneration
 f - an amulet of the acrobat (around neck)
 k - a +4 ring of intelligence (right claw)
 m - an uncursed ring of fire
 q - an uncursed ring of flight
 t - a +3 ring of strength {unknown}
 w - a +1 ring of evasion {unknown}
Wands
 A - a wand of enslavement (7)
Scrolls
 a - 5 scrolls of enchant weapon {unknown}
 e - 5 scrolls of teleportation
 j - 6 scrolls of identify
 l - a scroll of amnesia
 o - a scroll of fog
 r - a scroll of enchant armour
 x - a scroll of summoning {unknown}
 y - a scroll of magic mapping
Potions
 g - 3 potions of flight
 h - a potion of cancellation {unknown}
 n - a potion of heal wounds
 p - 2 potions of curing
 v - a potion of lignification {unknown}
 z - a potion of berserk rage {unknown}
Comestibles
 b - 20 rations
 u - 8 chunks of flesh


   Skills:
 * Level 9.2 Fighting
 + Level 5.4 Armour
 + Level 5.0 Dodging
 * Level 9.0 Unarmed Combat
 + Level 6.3 Invocations


You had 9 spell levels left.
You didn't know any spells.
Your spell library contained the following spells:

 Spells                   Type           Power        Failure   Level  Hunger
 Animate Skeleton         Necr           N/A          52%         1    ##.....
 Apportation              Tloc           #.....       52%         1    ##.....
 Confusing Touch          Hex            #.....       52%         1    ##.....
 Shock                    Conj/Air       #...         52%         1    ##.....
 Summon Small Mammal      Summ           #...         52%         1    ##.....
 Swiftness                Chrm/Air       #.......     67%         2    ###....
 Static Discharge         Conj/Air       #.......     88%         3    ####...
 Airstrike                Air            #.........   99%         4    #####..
 Lightning Bolt           Conj/Air       #.........   100%        5    ######.


Dungeon Overview and Level Annotations

Branches:
Dungeon (10/15)            Temple (1/1) D:6             Orc (0/2) D:9
   Lair: D:8-11

Altars:
Ashenzari
Cheibriados
Dithmenos
Elyvilon
Fedhas
Gozag
Hepliaklqana
Kikubaaqudgha
Makhleb
Nemelex Xobeh
Okawaru
Qazlal
Ru
Sif Muna
Trog
Uskayaw
Vehumet
Wu Jian
Xom
Yredelemnul
Zin
The Shining One

Shops:
D:4 (   D:7 *

Annotations:
D:8 Harold


Innate Abilities, Weirdness & Mutations

Your body is rotting away.
You thrive on raw meat.
You are immune to poison.
You have sharp fingernails.
You are carnivorous and can eat meat at any time.
Your flesh is cold resistant. (rC+)
You are immune to negative energy. (rN+++)
You do not regenerate when monsters are visible.
You are immune to unholy pain and torment.
You can survive without breathing.


Message History

* * * LOW HITPOINT WARNING * * *
You scratch the yak.
You kill the yak!
Lugonu accepts your kill.
Your Dodging skill increases to level 5!
Your Unarmed Combat skill increases to level 9!
You claw the yak!
The yak is moderately wounded.
The yak gores you but does no damage.
You barely miss the yak.
The yak is moderately wounded.
The yak closely misses you.
You scratch the yak.
The yak is heavily wounded.
The yak gores you!
* * * LOW HITPOINT WARNING * * *
You completely miss the yak.
The yak is heavily wounded.
The yak gores you!
You die...

#.# #.# #.# #.# #.#
#Y# #Y# #@# #####.#
#### .
#.....#####.....#.
####.............###+#
#..#####...........
#..# ##.###.# #..#
######.###.#
#..#####...........
#......#.####.###.#


You could see 2 yaks.

Vanquished Creatures
  Pikel (D:7)
  A hippogriff (D:9)
  Sigmund (D:3)
  4 yaks (D:9)
  Menkaure (D:6)
  Duvessa (D:6)
  2 slaves
  A black bear (D:8)
  4 sky beasts
  A phantom (D:6)
  3 ogres
  4 centaurs
  A crocodile (D:5)
  A big kobold (D:7)
  2 gnoll sergeants (D:7)
  2 bullfrogs
  Dowan (D:6)
  2 scorpions
  An electric eel (D:7)
  4 howler monkeys
  3 crimson imps
  A bullfrog zombie (D:7)
  2 hounds
  A quasit (D:9)
  A centaur skeleton (D:5)
  4 jellies
  An orc wizard (D:4)
  An iguana (D:8)
  4 worker ants
  A hound skeleton (D:5)
  13 gnolls
  9 adders
  A shadow imp (D:5)
  7 oozes
  2 adder skeletons
  A dart slug (D:1)
  5 leopard geckos
  6 orcs
  A ball python (D:5)
  3 giant cockroaches
  7 hobgoblins
  17 jackals
  11 kobolds
  4 quokkas
  5 bats
  3 frilled lizards
  3 goblins
  7 rats
162 creatures vanquished.

Notes
Turn   | Place    | Note
-------+----------+-------------------------------------------
     0 | Abyss:1  | Borgoz the Ghoul Abyssal Knight began the quest for the
                  | Orb.
     0 | Abyss:1  | Reached XP level 1. HP: 19/19 MP: 1/1
    94 | Abyss:1  | Noticed an ancient zyme
   128 | Abyss:2  | Found a corrupted altar of Lugonu.
   159 | Abyss:2  | Noticed a thrashing horror
   160 | D:1      | Escaped the Abyss
   280 | D:1      | Reached skill level 1 in Dodging
   280 | D:1      | Reached XP level 2. HP: 7/24 MP: 2/2
   430 | D:1      | Reached * piety under Lugonu
   765 | D:1      | Reached XP level 3. HP: 33/33 MP: 3/3
  1046 | D:2      | Reached XP level 4. HP: 26/39 MP: 4/4
  2076 | D:3      | Reached XP level 5. HP: 28/46 MP: 4/6
  2331 | D:3      | Found an ornate altar of the Wu Jian Council.
  2333 | D:3      | Noticed Sigmund
  2357 | D:3      | Killed Sigmund
  2357 | D:3      | Reached ** piety under Lugonu
  2357 | D:3      | Reached XP level 6. HP: 8/55 MP: 7/7
  2736 | D:4      | Reached skill level 5 in Fighting
  2797 | D:4      | Reached XP level 7. HP: 54/61 MP: 8/8
  3022 | D:4      | Found Ruekut's Weapon Shop.
  3297 | D:4      | Noticed a two-headed ogre
  3525 | D:5      | Entered Level 5 of the Dungeon
  3544 | D:5      | Reached skill level 5 in Unarmed Combat
  3687 | D:5      | Found a white marble altar of Elyvilon.
  4188 | D:6      | Reached XP level 8. HP: 20/67 MP: 8/10
  4407 | D:6      | Found a staircase to the Ecumenical Temple.
  4847 | D:6      | Found a sparkling altar of Nemelex Xobeh.
  4866 | D:6      | Noticed Menkaure
  4876 | D:6      | Killed Menkaure
  5086 | Temple   | Entered the Ecumenical Temple
  5230 | D:6      | Noticed Duvessa
  5232 | D:6      | Noticed Dowan
  5390 | D:6      | Killed Duvessa
  5401 | D:6      | Killed Dowan
  5881 | D:7      | Found Gozag's Platinum Reserve.
  5923 | D:7      | Reached *** piety under Lugonu
  6053 | D:7      | Found an opulent altar of Gozag.
  6826 | D:7      | Reached skill level 5 in Invocations
  6826 | D:7      | Reached XP level 9. HP: 61/78 MP: 11/11
  7278 | D:8      | Noticed Pikel
  7580 | D:7      | Killed Pikel
  7971 | D:8      | Noticed Harold
  7992 | D:8      | Reached skill level 5 in Armour
  8062 | D:9      | Found a burning altar of Makhleb.
  8066 | D:10     | Entered Level 10 of the Dungeon
  8076 | D:9      | Reached XP level 10. HP: 53/90 MP: 13/13
  8380 | D:9      | Found a staircase to the Orcish Mines.
  8403 | D:9      | Reached **** piety under Lugonu
  8531 | D:9      | Found an ancient bone altar of Kikubaaqudgha.
  8537 | D:9      | Found a deep blue altar of Sif Muna.
  8538 | D:9      | Found a blossoming altar of Fedhas.
  8538 | D:9      | Found a hide-covered altar of Uskayaw.
  8539 | D:9      | Found a shadowy altar of Dithmenos.
  8539 | D:9      | Found a shattered altar of Ashenzari.
  8539 | D:9      | Found a hazy altar of Hepliaklqana.
  8751 | D:9      | Reached skill level 5 in Dodging
  8755 | D:9      | Slain by a yak

Vault maps used:
D:1:      dpeg_arrival_boxes_within_box
D:3:      marbit_many_paths, first_ration, serial_park_tiny_pond,
          hangedman_decor_growths, minmay_randomly_rotated_circles, uniq_sigmund
D:4:      serial_shops, shop
D:5:      elyvilon_altar_3
D:6:      lemuel_round_altar, minmay_temple_entry_purple_smoke,
          kennysheep_small_spiral, minmay_misc_feat_more_columns,
          chequers_serial_rivers_micro_b, nicolae_lava_and_water, uniq_duvessa,
          uniq_menkaure
D:7:      nicolae_gozag_zags_fifth_avenue, nrook_pool_corridor
D:8:      hangedman_little_slice_of_home, uniq_pikel, uniq_harold
D:9:      grunt_temple_overflow_open, orc_0_dummy
D:10:     trove_entry_hex_spiral
Temple:   cyrus_temple_forest
Abyss:1:  evilmike_abyss_exit_mutagenic

Skill      XL: |  1  2  3  4  5  6  7  8  9 10 |
---------------+-------------------------------+-----
Dodging        | 1 2 3 4 5 |  5.0
Armour         | 2 3 4 5 |  5.4
Fighting       | 4 5 6 7 8 9 |  9.2
Unarmed Combat | 3 4 5 6 8 9 |  9.0
Invocations    | 3 4 5 6 |  6.3

Action                   |  1- 3 |  4- 6 |  7- 9 | 10-12 || total
-------------------------+-------+-------+-------+-------++-------
Melee: Unarmed           |    94 |   156 |   487 |    73 ||   810
       Punch             |     3 |     2 |    14 |     2 ||    21
Invok: Depart the Abyss  |     1 |       |       |       ||     1
  Use: Scroll            |     1 |     4 |     7 |       ||    12
       Potion            |       |     7 |     3 |       ||    10
  Eat: Chunk             |     9 |    18 |    54 |     9 ||    90
Armor: Leather armour    |    30 |    42 |    36 |       ||   108
       Ring mail         |       |       |    78 |    18 ||    96
Dodge: Dodged            |    64 |   104 |   301 |    63 ||   532

Table legend:
 A = Non-vault XP
 B = Vault XP
 C = Vault XP percentage of total XP
 D = Non-vault monster count
 E = Vault monster count
 F = Vault count percentage of total count
                 A         B        C        D         E       F
            +---------+---------+-------+---------+---------+-------
      Total |    4699 |    1437 |  23.4 |     140 |      20 |  12.5
            +---------+---------+-------+---------+---------+-------
        D:1 |      38 |       0 |   0.0 |      19 |       0 |   0.0
        D:2 |     112 |       0 |   0.0 |      20 |       0 |   0.0
        D:3 |      11 |     261 |  96.0 |       4 |       8 |  66.7
        D:4 |     398 |       0 |   0.0 |      20 |       0 |   0.0
        D:5 |     337 |       0 |   0.0 |      14 |       0 |   0.0
        D:6 |     445 |     400 |  47.3 |       7 |       3 |  30.0
        D:7 |     921 |     617 |  40.1 |      23 |       1 |   4.2
        D:8 |     631 |     159 |  20.1 |      11 |       8 |  42.1
        D:9 |    1578 |       0 |   0.0 |      20 |       0 |   0.0
       D:10 |     228 |       0 |   0.0 |       2 |       0 |   0.0
            +---------+---------+-------+---------+---------+-------
